 Dungeon Crawl Stone Soup version 0.28.0-43-g3370ac3207 (webtiles) character file.

Game seed: 3104558954875028857

431 Faeu the Covered (level 6, -4/56 HPs)
             Began as a Minotaur Fighter on Mar 21, 2022.
             Engulfed by a steam dragon's steam (14 damage)
             ... on level 5 of the Dungeon.
             The game lasted 00:18:42 (2833 turns).

Faeu the Covered (Minotaur Fighter)                 Turns: 2833, Time: 00:18:42

Health: -4/56      AC:  7    Str: 23    XL:     6   Next: 66%
Magic:  5/5        EV:  9    Int:  5    God:
Gold:   72         SH:  5    Dex:  9    Spells: 5/5 levels left

rFire   . . .      SeeInvis .   m - +4 dagger {short}
rCold   . . .      Faith    .   c - +0 buckler
rNeg    . . .      Spirit   .   b - +0 scale mail
rPois   .          Reflect  .   (helmet restricted)
rElec   .          Harm     .   p - scarf {+Inv}
rCorr   .          Rampage  .   (no gloves)
Will    .....                   (no boots)
Stlth   ..........              (no amulet)
HPRegen 0.18/turn               (no ring)
MPRegen 0.09/turn               (no ring)

@: no status effects
A: horns 2, retaliatory headbutt
a: Evoke Invisibility


You were on level 5 of the Dungeon.
You visited 1 branch of the dungeon, and saw 6 of its levels.

You collected 204 gold pieces.
You spent 132 gold pieces at shops.


Innate Abilities, Weirdness & Mutations

You have a pair of horns on your head.
You reflexively headbutt those who attack you in melee.


   Skills:
 + Level 5.5 Fighting
 + Level 4.7 Long Blades
 + Level 5.5 Armour
 + Level 5.5 Shields


You had 5 spell levels left.
You didn't know any spells.
Your spell library contained the following spells:

 Spells                   Type           Power      Damage    Failure   Level
 Animate Skeleton         Necr           0%         N/A       86%         1
 Apportation              Tloc           0%         N/A       86%         1
 Sting                    Tmut/Pois      0%         1d3       86%         1
 Summon Small Mammal      Summ           0%         N/A       86%         1
 Poisonous Vapours        Pois/Air       0%         N/A       94%         2
 Conjure Flame            Conj/Fire      0%         6-21      99%         3
 Ignite Poison            Fire/Tmut/Pois 0%         N/A       99%         3
 Olgreb's Toxic Radiance  Pois           0%         N/A       100%        4
 Sticky Flame             Conj/Fire      0%         2d3       100%        4
 Blade Hands              Tmut           0%         N/A       100%        5
 Irradiate                Conj/Tmut      0%         3d13      100%        5
 Dragon Form              Tmut           0%         N/A       100%        7

Inventory:

Hand Weapons
 a - a +0 long sword {long}
 m - a +4 dagger (weapon) {short}
   (You took it off a kobold on level 2 of the Dungeon)
Missiles
 l - 163 stones (quivered) {throwing}
Armour
 b - a +0 scale mail (worn)
 c - a +0 buckler (worn)
 p - a scarf of invisibility (worn)
   (You bought it in a shop on level 3 of the Dungeon)
Jewellery
 r - a ring of flight
   (You found it on level 4 of the Dungeon)
Scrolls
 g - a scroll of identify {unknown}
 h - a scroll of vulnerability {unknown}
 i - a scroll of enchant weapon {unknown}
 k - 2 scrolls of noise {unknown}
 o - a scroll of enchant armour {unknown}
Potions
 e - 2 potions of haste {unknown}
 j - a potion of curing {unknown}
 n - 2 potions of brilliance {unknown}
 q - 2 potions of magic {unknown}

Dungeon Overview and Level Annotations

Branches:
Dungeon (6/15)
 Temple: D:4-7

Altars:
Xom

Shops:
D:3 [

Annotations:
D:4 Sigmund

# #.....###### . #..........# #
#.[........# # #[...).# #.#####
#......#####
........#..........#
..####..#...###.D.ยง#######
................ยง.ยงYY.Y.Y#
..../...#.#.#...@..#####h######
#######.#.#.#...#### #Y.h!..$#
# #(#.#...# #......#.###
#.#...<.# #...h#Y. # #[##..)##
#......Y#
##.#.#.##...#####...##...
..................... ..!..
#...#.#.##########... #...(. ##
#.#.# ### ##...#


You could see 3 yaks and a steam dragon.


Message History

You kill the orc!
There is a stone staircase leading up here.
You throw a poisoned dart {throwing}.
The poisoned dart {throwing} barely misses the adder skeleton.
You throw a stone {throwing}.
The stone {throwing} hits the adder skeleton.
You block the adder skeleton's attack.
You hit the adder skeleton. The adder skeleton misses you.
You hit the adder skeleton.
Your headbutt misses the adder skeleton.
The adder skeleton bites you but does no damage.
You closely miss the adder skeleton. You headbutt the adder skeleton.
You destroy the adder skeleton!
Things that are here:
a +0 dagger {short}; an orc corpse
l - 164 stones {throwing} (gained 1)
f - a poisoned dart {throwing}
Things that are here:
a +0 robe; a +0 dagger {short} The shadow imp shouts, "Leave, thou lumpish onion-eyed walking sirloin!"
You hear an angry hiss.
You see here a +0 scale mail.
You throw a poisoned dart {throwing}.
The poisoned dart {throwing} closely misses the shadow imp.
You throw a stone {throwing}.
The stone {throwing} closely misses the shadow imp.
You puncture the shadow imp! Your headbutt misses the shadow imp.
The shadow imp gestures at you.
Pain shoots through your body! ๐Ÿ˜• HP[-9]
You take 9 damage, and now have 47/56 hp.
You closely miss the shadow imp. The shadow imp gestures at you.
You barely resist. You hit the shadow imp.
You kill the shadow imp! ๐Ÿ˜• HP[+1]
You see here a +0 dagger {short}. ๐Ÿ˜• HP[+1]
You now have 72 gold pieces (gained 13). ๐Ÿ˜• HP[+1]
You open the door.
There is an open door here. ๐Ÿ˜• HP[+1]
A yak comes into view.
Found a fuming amethyst potion.
Found a stone staircase leading up. 4 jackals and a yak come into view.
The jackal barks! x4; You hear a bellow!
A yak comes into view.
A yak comes into view.
The yak bellows!
You hear a bellow! x2; You hear a shout!
A yak comes into view.
The jackal bites you but does no damage.
The jackal barely misses you. ๐Ÿ˜• HP[+1]
A yak comes into view.
You hit the jackal. The jackal misses you. The jackal bites you. ๐Ÿ˜• HP[-3]
You take 3 damage, and now have 49/56 hp.
You barely miss the jackal. Your headbutt misses the jackal.
You block the jackal's attack.
You barely miss the jackal. Your headbutt misses the jackal.
You block the jackal's attack. x2 ๐Ÿ˜• HP[+1]
You hit the jackal. Your headbutt misses the jackal.
You block the jackal's attack.
You hit the jackal. You headbutt the jackal.
You kill the jackal!
You puncture the yak! You headbutt the yak, but do no damage.
The yak gores you! ๐Ÿ˜ฎ HP[-10]
You take 10 damage, and now have 40/56 hp.
You puncture the yak! The yak gores you. ๐Ÿ˜ฎ HP[-6]
You take 6 damage, and now have 34/56 hp.
You hit the yak. You headbutt the yak. The yak closely misses you.
You hit the yak. ๐Ÿ˜ฎ HP[+1]
You hit the yak. Your headbutt misses the yak. The yak barely misses you.
You furiously retaliate!
You headbutt the yak, but do no damage. You hit the yak.
Your headbutt misses the yak. The yak gores you!
* * * LOW HITPOINT WARNING * * *
๐Ÿ˜จ HP[-9]
You take 9 damage, and now have 26/56 hp.
A steam dragon comes into view.
The steam dragon hisses angrily.
There is an open door here.
The steam dragon breathes steam at you. The ball of steam hits you!
* * * LOW HITPOINT WARNING * * *
๐Ÿ˜ฑ HP[-17]
You take 17 damage, and now have 9/56 hp.
MASSIVE DAMAGE!! (PAUSE) ๐Ÿ˜ฑ HP[+1] Really walk into that cloud of steam? [Y]es or [N]o only, please.
Really walk into that cloud of steam?
You are engulfed in a cloud of scalding steam.
You die...

Skill      XL: |  1  2  3  4  5 |
---------------+----------------+-----
Fighting       | 4 5 |  5.5
Armour         | 4 5 |  5.5
Shields        | 4 5 |  5.5
Long Blades    | 3 4 |  4.7

Action                   |  1- 3 |  4- 6 || total
-------------------------+-------+-------++-------
Melee: Long sword        |    66 |    74 ||   140
       Headbutt          |     7 |    19 ||    26
       Dagger            |       |    61 ||    61
Throw: Stone             |     1 |     3 ||     4
       Dart              |       |     6 ||     6
  Use: Potion            |       |     1 ||     1
Armor: Scale mail        |    36 |    45 ||    81
Dodge: Dodged            |    36 |    47 ||    83
Block: Buckler           |    17 |    17 ||    34

Levels and vault maps discovered:
D:1:      ebering_trefoil_3fold, layout_loops_cross,
          chequers_ecumenical_altar_simple_redux,
          chequers_serial_rivers_small_b, minmay_quantized
D:2:      layout_basic
D:3:      corexii_shack_village, layout_basic, serial_shops,
          nicolae_diamond_shop
D:4:      layout_loops_cross, dk_xom_monty_hall, lemuel_round_altar,
          temple_pool_b, uniq_sigmund
D:5:      layout_basic
D:6:      layout_loops_ring, lightli_sewer_entry_pipes,
          gammafunk_ghost_nasty_kobolds, minmay_curled_crystal

Notes
Turn   | Place    | Note
-------+----------+-------------------------------------------
     0 | D:1      | Faeu the Minotaur Fighter began the quest for the Orb.
     0 | D:1      | Reached XP level 1. HP: 19/19 MP: 0/0
     0 | D:1      | magus.rc [v1.9.6]
   219 | D:1      | You pick up a book of Cantrips and begin reading...
   219 | D:1      | You add the spells Animate Skeleton, Summon Small Mammal
                  | and Apportation to your library.
   351 | D:1      | Found a faded altar of an unknown god.
   599 | D:1      | Reached XP level 2. HP: 25/27 MP: 1/1
   786 | D:2      | You add the spells Conjure Flame, Ignite Poison and Sticky
                  | Flame to your library.
   804 | D:2      | Reached skill level 4 in Fighting
   804 | D:2      | Reached skill level 4 in Armour
   804 | D:2      | Reached skill level 4 in Shields
   812 | D:2      | Reached skill level 3 in Long Blades
   812 | D:2      | Reached XP level 3. HP: 27/33 MP: 2/2
  1165 | D:2      | Reached XP level 4. HP: 41/41 MP: 3/3
  1219 | D:2      | You add the spells Sting, Poisonous Vapours and Olgreb's
                  | Toxic Radiance to your library.
  1432 | D:2      | magus.rc [v1.9.6]
  1629 | D:3      | You fall into a shaft and drop 3 floors!
  1646 | D:6      | Noticed a bullfrog
  1662 | D:6      | Killed a bullfrog
  1663 | D:6      | Reached XP level 5. HP: 45/47 MP: 4/4
  1672 | D:6      | magus.rc [v1.9.6]
  1682 | D:6      | Reached skill level 4 in Long Blades
  1739 | D:6      | Noticed a yak
  1742 | D:5      | Entered Level 5 of the Dungeon
  1758 | D:4      | Found a shimmering altar of Xom.
  1777 | D:4      | Reached skill level 5 in Fighting
  1777 | D:4      | Reached skill level 5 in Armour
  1777 | D:4      | Reached skill level 5 in Shields
  1927 | D:3      | Reached XP level 6. HP: 56/56 MP: 5/5
  2114 | D:3      | Found Xoabugocs's Armour Boutique.
  2118 | D:3      | Bought a scarf of invisibility for 132 gold pieces
  2351 | D:3      | You pick up a book of Transfigurations {@e2} and begin
                  | reading...
  2351 | D:3      | You add the spells Irradiate, Blade Hands and Dragon Form
                  | to your library.
  2441 | D:4      | You pick up a book of Transfigurations {@e2} and begin
                  | reading...
  2488 | D:4      | Noticed Sigmund
  2504 | D:4      | HP: 12/56 [orc priest/nerve-wracking pain (11)]
  2519 | D:5      | HP: 12/56 [something (2)]
  2811 | D:5      | Noticed a yak
  2812 | D:5      | Noticed a yak
  2812 | D:5      | Noticed a yak
  2813 | D:5      | Noticed a yak
  2814 | D:5      | Noticed a yak
  2815 | D:5      | Noticed a yak
  2829 | D:5      | Noticed a steam dragon
  2831 | D:5      | HP: 9/56 [something/ball of steam (17)]
  2833 | D:5      | Engulfed by a steam dragon's steam

Vanquished Creatures
  A bullfrog (D:6)
  A scorpion (D:3)
  A water moccasin skeleton (D:6)
  2 orc priests (D:4)
  2 jellies (D:4)
  An orc wizard (D:5)
  5 adders (D:2)
  A shadow imp (D:5)
  3 adder skeletons
  2 worms
  A dart slug (D:2)
  4 orcs
  4 endoplasms
  3 giant cockroaches
  9 goblins
  8 hobgoblins
  6 jackals
  2 quokkas
  5 bats
  6 frilled lizards
  2 kobolds
  3 rats
72 creatures vanquished.

Vanquished Creatures (others)
  A plant (D:3)
1 creature vanquished.

Grand Total: 73 creatures vanquished

Table legend:
 A = Non-vault XP
 B = Vault XP
 C = Vault XP percentage of total XP
 D = Non-vault monster count
 E = Vault monster count
 F = Vault count percentage of total count
                 A         B        C        D         E       F
            +---------+---------+-------+---------+---------+-------
      Total |     508 |     108 |  17.5 |      57 |      15 |  20.8
            +---------+---------+-------+---------+---------+-------
        D:1 |      13 |       5 |  27.8 |       9 |       3 |  25.0
        D:2 |     103 |       0 |   0.0 |      24 |       0 |   0.0
        D:3 |     103 |      21 |  16.9 |      12 |      10 |  45.5
        D:4 |      94 |      82 |  46.6 |       5 |       2 |  28.6
        D:5 |      42 |       0 |   0.0 |       5 |       0 |   0.0
        D:6 |     153 |       0 |   0.0 |       2 |       0 |   0.0
            +---------+---------+-------+---------+---------+-------

Illustrated notes

Table legend:
 A = Kills in this place as a percentage of kills in entire the game.
 B = Kills by you in this place as a percentage of kills by you in the entire game.
 C = Kills by friends in this place as a percentage of kills by friends in the entire game.
 D = Other kills in this place as a percentage of other kills in the entire game.
 E = Experience gained in this place as a percentage of experience gained in the entire game.
 F = Experience gained in this place divided by the number of levels of this place that you have seen.
                   A       B       C       D       E      F
               +-------+-------+-------+-------+-------+----------------------
         Total | 100.0 | 100.0 |   N/A |   N/A | 100.0 | 102.7
       Dungeon | 100.0 | 100.0 |   N/A |   N/A | 100.0 | 102.7
               +-------+-------+-------+-------+-------+----------------------

Table legend: (Time is in decaauts)
 A = Elapsed time spent in this place.
 B = Non-inter-level travel time spent in this place.
 C = Inter-level travel time spent in this place.
 D = Time resting spent in this place.
 E = Time spent auto-exploring this place.
 F = Levels seen in this place.
 G = Mean time per level.
                   A        B        C        D        E       F      G
               +--------+--------+--------+--------+--------+-----+--------+
         Total |   2868 |   2814 |     54 |    451 |   1398 |   6 |  478.0 |
       Dungeon |   2868 |   2814 |     54 |    451 |   1398 |   6 |  478.0 |
               +--------+--------+--------+--------+--------+-----+--------+

Top non-repeatable levels by time:
     D:2: 790 daAuts
     D:1: 769 daAuts
     D:3: 607 daAuts
     D:4: 472 daAuts
     D:6: 116 daAuts
     D:5: 112 daAuts
